 Dungeon Crawl Stone Soup version 0.20-a0-450-g4cf9236 (webtiles) character file.

158 LORDOFBUTT the Shield-Bearer (level 5, -5/43 HPs)
             Began as a Formicid Fighter on Dec 19, 2016.
             Slain by an iguana (9 damage)
             ... on level 3 of the Dungeon.
             The game lasted 00:02:06 (2004 turns).

LORDOFBUTT the Shield-Bearer (Formicid Fighter)     Turns: 2004, Time: 00:02:06

Health: -5/43      AC:  7    Str: 25    XL:     5   Next: 66%
Magic:  5/5        EV:  6    Int:  8    God:
Gold:   145        SH: 15    Dex: 11    Spells: 4/4 levels left

rFire  . . .     SeeInvis +     a - +0 war axe
rCold  . . .     Gourm    .     b - +0 scale mail
rNeg   . . .     Faith    .     m - +0 large shield
rPois  .         Spirit   .     (helmet unavailable)
rElec  .         Reflect  .     (no cloak)
rCorr  .         Harm     .     (no gloves)
MR     .....                    (no boots)
Stlth  ..........               (no amulet)
                                (no ring)
                                (no ring)

@: mighty
A: permanent stasis, dig shafts and tunnels, four strong arms, antennae 3
a: Dig, Shaft Self


You were on level 3 of the Dungeon.
You were hungry.

You visited 1 branch of the dungeon, and saw 3 of its levels.

You collected 145 gold pieces.

Inventory:

Hand Weapons
 a - a +0 war axe (weapon)
Armour
 b - a +0 scale mail (worn)
 c - a +0 shield
 m - a +0 large shield (worn)
Scrolls
 e - 2 scrolls of identify {unknown}
 h - a scroll of enchant armour {unknown}
 i - 2 scrolls of remove curse {unknown}
 j - a scroll of teleportation {unknown}
 l - a scroll of recharging {unknown}
 n - 2 scrolls of amnesia {unknown}
Potions
 d - a potion of might
 k - 3 potions of curing {unknown}
 o - a potion of flight {unknown}
 p - a potion of agility {unknown}
 r - a potion of lignification {unknown}
Comestibles
 f - 2 bread rations
 g - 2 beef jerkies


   Skills:
 + Level 4.3 Fighting
 + Level 3.3 Axes
 + Level 4.2 Armour
 + Level 4.4 Shields


You had 4 spell levels left.
You didn't know any spells.

Dungeon Overview and Level Annotations

Branches:
Dungeon (3/15)

Altars:


Innate Abilities, Weirdness & Mutations

You cannot be hasted, slowed, berserked, paralysed or teleported.
You can dig through walls and to a lower floor.
Your four strong arms can wield two-handed weapons with a shield.
You have a pair of large antennae on your head. (SInv)


Message History

You slash the gnoll!
You kill the gnoll!
You closely miss the hobgoblin. You slash the gnoll!
You block the hobgoblin's attack. You block the gnoll's attack.
The gnoll barely misses you. The gnoll hits you but does no damage.
The hobgoblin hits you but does no damage.
You feel very mighty all of a sudden. You block the iguana's attack.
The gnoll hits you from afar with a spear.
* * * LOW HITPOINT WARNING * * *
The gnoll hits you with an enchanted flail.
* * * LOW HITPOINT WARNING * * *
The gnoll hits you but does no damage.
The hobgoblin hits you but does no damage.
You are too injured to fight recklessly!
You are too injured to fight recklessly!
You hit the iguana.
The iguana is lightly wounded.
You hit the gnoll. The iguana bites you!
You die...

#.#.##......................
#.#.##.#####################
#.#.##.# #........ ....
#.#.##)####.####### ....
#.#...)............ ....
#.#.##)####.####### .... #.#.##.#
#.# .... #.#.##.# #.# ....
##.#.##.# #@#### .... #..#.##.#
#lg..# #### #.##.##.#
#gg..####### #..†.##.#
#.g........# ### ########'##.#
##...#####.#####.. #........†..#
#...#...........#
+...........#####...#...........#
#...........#...#...#...........#
#...........#...#...#...........#


You could see an iguana, 3 gnolls and a hobgoblin.

Vanquished Creatures
  An orc priest (D:3)
  2 gnolls
  4 adders
  2 oozes (D:3)
  4 worms
  A leopard gecko (D:2)
  7 orcs (D:3)
  A giant cockroach (D:3)
  3 goblins (D:2)
  4 hobgoblins
  2 jackals (D:2)
  4 kobolds
  A quokka (D:2)
  6 bats
  4 frilled lizards (D:1)
  5 rats
51 creatures vanquished.

Notes
Turn   | Place    | Note
-------+----------+-------------------------------------------
     0 | D:1      | LORDOFBUTT the Formicid Fighter began the quest for the Orb.
     0 | D:1      | Reached XP level 1. HP: 18/18 MP: 1/1
   371 | D:1      | Reached XP level 2. HP: 23/24 MP: 2/2
   719 | D:1      | Reached XP level 3. HP: 19/29 MP: 3/3
  1092 | D:2      | Found a faded altar of an unknown god.
  1412 | D:2      | Reached XP level 4. HP: 36/37 MP: 4/4
  1868 | D:3      | Reached XP level 5. HP: 42/42 MP: 5/5
  2004 | D:3      | Slain by an iguana

Vault maps used:
D:1:      onia_arrival_pyramid, grunt_decor_fettered,
          hangedman_abyss_or_decor_lesser_grid
D:2:      chequers_ecumenical_altar_island, serial_glass, glass_columns_a,
          glass_columns_c, due_unseen_surprise, minmay_strange_pillars
D:3:      first_bread

Skill      XL: |  1  2  3  4 |
---------------+-------------+-----
Shields        | 4 |  4.4
Axes           | 3 |  3.3
Fighting       | 4 |  4.3
Armour         | 4 |  4.2

Action                   |  1- 3 |  4- 6 || total
-------------------------+-------+-------++-------
Melee: War axe           |    81 |    79 ||   160
 Abil: Dig               |     1 |       ||     1
  Use: Potion            |       |     1 ||     1
  Eat: Chunk             |     1 |     2 ||     3
Armor: Scale mail        |    49 |    21 ||    70
Dodge: Dodged            |    30 |    18 ||    48
Block: Shield            |    32 |       ||    32
       Large shield      |    28 |    62 ||    90
